 Dungeon Crawl Stone Soup version 0.31.0-12-g77e489cdc1 (webtiles) character file.

Game seed: 15171401745359741232

7501 melchizedek the Thaumaturge (level 10, -4/63 HPs)
             Began as a Mummy Necromancer on Feb 21, 2024.
             Was a High Priest of Hepliaklqana.
             Slain by an orc knight
             ... wielding a +0 glaive
              (8 damage)
             ... in a bailey on Feb 22, 2024.
             The game lasted 00:54:24 (9001 turns).

melchizedek the Thaumaturge (Mummy Necromancer)     Turns: 9001, Time: 00:54:25

Health: -4/63      AC:  6    Str: 12    XL:     10   Next: 95%
Magic:  23/25      EV: 13    Int: 18    God:    Hepliaklqana [*****.]
Gold:   221        SH:  0    Dex: 19    Spells: 7/32 levels left

rFire   + . .        a - +9 trident "Fiucs" {venom, *Noise rPois rF++ rC+++}
rCold   + + +        (no shield)
rNeg    + + +        d - +0 robe
rPois   ∞            y - +1 hat
rElec   .            x - +0 cloak
rCorr   .            r - +0 pair of gloves
SInv    .            g - +0 pair of boots
Will    +....        t - amulet of magic regeneration
Stlth   +++          i - +6 ring of dexterity
HPRegen 0.30/turn    q - ring of wizardry
MPRegen 0.59/turn

%: faith, wizardry (x1)
@: no status effects
A: reduced essence, cold resistance 1, negative energy resistance 3, torment
resistance 2, heat vulnerability 1, in touch with death 1, no potions, faith
a: Renounce Religion, Recall Ancestor, Ancestor Identity, Transference, Idealise


You were in a bailey.
You worshipped Hepliaklqana.
Hepliaklqana was extremely pleased with you.
You visited 1 branch of the dungeon, and saw 9 of its levels.
You also visited: Sewer and Bailey.

You collected 408 gold pieces.
You spent 187 gold pieces at shops.

Inventory:

Hand Weapons
 a - the +9 trident "Fiucs" (weapon) {venom, *Noise rPois rF++ rC+++}
   (You bought it in a shop on level 3 of the Dungeon)

   rF++:      It greatly protects you from fire.
   rC+++:     It renders you almost immune to cold.
   rPois:     It protects you from poison *Noise: It may make a loud noise when
   swung.
 b - a +0 heavy dagger
 e - a +0 great mace
 p - a +1 dagger of venom
 B - a +2 flail of protection
Armour
 d - a +0 robe (worn)
 g - a +0 pair of boots (worn)
 r - a +0 pair of gloves (worn)
 x - a +0 cloak (worn)
 y - a +1 hat (worn)
Magical Staves
 A - a staff of cold
Jewellery
 c - a ring of protection from cold
 i - a +6 ring of dexterity (left hand)
 m - an amulet of guardian spirit
 q - a ring of wizardry (right hand)
 t - an amulet of magic regeneration (around neck)
Wands
 s - a wand of roots (9)
 v - a wand of charming (10)
Scrolls
 j - a scroll of teleportation
 k - 2 scrolls of silence
 l - 2 scrolls of amnesia
 n - 2 scrolls of fog
 o - 3 scrolls of noise
 u - a scroll of poison
 w - a scroll of enchant weapon {unknown}
 z - a scroll of enchant armour {unknown}


   Skills:
 + Level 3.1 Fighting
 * Level 5.6 Polearms
 + Level 3.1 Dodging
 + Level 3.3 Stealth
 + Level 0.1 Unarmed Combat
 + Level 11.7 Spellcasting
 + Level 9.9 Necromancy
 + Level 0.8 Air Magic
 * Level 4.9 Invocations


You had 7 spell levels left.
You knew the following spells:

 Your Spells              Type           Power      Damage    Failure   Level
a - Necrotise             Necr           100%       1d9       1%          1
b - Vampiric Draining     Necr           62%        2d10      1%          3
c - Animate Dead          Necr           62%        N/A       1%          4
d - Cigotuvi's Dreadful   Necr/Alch/Air  70%        N/A       1%          2
e - Dispel Undead         Necr           62%        3d22      1%          4
f - Curse of Agony        Necr           62%        N/A       1%          5
g - Martyr's Knell        Necr/Summ      42%        N/A       3%          4
h - Mercury Vapours       Alch/Air       24%        N/A       3%          2

Your spell library contained the following spells:

 Spells                   Type           Power      Damage    Failure   Level
 Death Channel            Necr           31%        N/A       7%          6
 Mephitic Cloud           Conj/Alch/Air  11%        N/A       8%          3
 Freezing Cloud           Conj/Ice/Air   5%         6-21      52%         5


Dungeon Overview and Level Annotations

Branches:
Dungeon (9/15)             Temple (0/1) D:7            Lair (0/5) D:8
  Sewer (visited)          Bailey (1/1)
    Orc: D:9-12

Altars:
Hepliaklqana
Kikubaaqudgha
Okawaru
Uskayaw

Shops:
D:3 ?[[(:

Annotations:
D:8 Amaemon


Innate Abilities, Weirdness & Mutations

Your life essence is reduced to manifest your ancestor. (-10% HP)
You are immune to poison.
Your flesh is cold resistant. (rC+)
You are immune to negative energy. (rN+++)
You are immune to unholy pain and torment.
You are vulnerable to heat. (rF-)
You are in touch with the powers of death.
You do not drink.
You have a special connection with the divine. (Faith)


Message History

Unknown command.
Aahotepre blocks the orc warrior's attack.
You are too injured to fight recklessly!
Aahotepre blocks the orc warrior's attack.
Aahotepre hits the orc warrior with a +0 flail!
Something hits Aahotepre!!
The orc knight attacks as it pursues you!
The orc knight hits you from afar with a +0 glaive!!
* * * LOW HITPOINT WARNING * * *
As you read the scroll of fear, it crumbles to dust.
You assume a fearsome visage.
The orc knight looks frightened!
You are too injured to fight recklessly!
The orc knight gives up.
The orc knight hits your martyred shade with a +0 glaive!
The orc knight hits your martyred shade with a +0 glaive!!
Casting: Mercury Vapours (safe; 3% risk of failure)
Confirm with . or Enter, or press ? or * to list all spells.
Aiming: Necrotise (safe; 1% risk of failure)
Press: ? - help, Shift-Dir - straight line, f/p - orc knight
Aim: an orc knight, wielding a +0 glaive and wearing a +0 chain mail (severely wounded, fleeing, very poisoned, ally target, chance to affect: 70%)
You feel a surge of power!
Your attack snaps the orc knight out of its fear.
The orc knight writhes in agony.
The orc knight roars a battlecry!
The orc warrior goes into a battle-frenzy!
Aahotepre closely misses the orc knight.
Casting: Necrotise (safe; 1% risk of failure)
Confirm with . or Enter, or press ? or * to list all spells.
Aiming: Necrotise (safe; 1% risk of failure)
Press: ? - help, Shift-Dir - straight line, f/p - orc knight
Aim: an orc knight, wielding a +0 glaive and wearing a +0 chain mail (severely wounded, very poisoned, ally target, chance to affect: 70%)
You feel a surge of power!
The orc knight writhes in agony.
Casting: Necrotise (safe; 1% risk of failure)
Confirm with . or Enter, or press ? or * to list all spells.
Aiming: Necrotise (safe; 1% risk of failure)
Press: ? - help, Shift-Dir - straight line, f/p - orc knight
Aim: an orc knight, wielding a +0 glaive and wearing a +0 chain mail (severely wounded, very poisoned, ally target, chance to affect: 70%)
You feel a surge of power!
The orc knight struggles to resist.
The orc knight hits you from afar with a +0 glaive!
You die...

.⌠.. #+#..~~.∩#
⌠∩⌠. #..~~.## o...
##..~~.# ≈≈ ##..~.#
##.).#
#+#############.~.#
....##..........~.#
.∩.##.)~~~~~~R~)~.#
# ##)oZ~....oWo.@.#
###..~~..##########
....~~..##
~~~~~..## ......##
#######


You could see the friendly Aahotepre the knight (sheltered), an orc knight (very
poisoned, ally target), an orc warrior (strong) and a friendly martyred shade
(summoned).

Vanquished Creatures
  Gastronok (D:8)
  Maurice (D:8)
  A basilisk (D:8)
  3 wyverns (D:8)
  5 yaks
  A water moccasin (D:7)
  An ice beast (D:7)
  A sky beast (D:7)
  2 orc warriors
  A black bear (D:8)
  A centaur (D:7)
  A phantom (D:6)
  2 bullfrogs (D:8)
  4 scorpions
  A wight (D:7)
  A killer bee (D:9)
  A howler monkey (D:8)
  A bombardier beetle (D:5)
  A jelly (D:8)
  A gnoll bouda (D:9)
  2 sleepcaps
  A hound (D:5)
  An orc priest (D:7)
  An iguana (D:6)
  4 orc wizards
  3 gnolls
  8 adders
  3 river rats (Sewer)
  An ufetubus (D:4)
  2 dart slugs
  26 orcs
  7 endoplasms
  3 giant cockroaches
  10 goblins
  5 hobgoblins
  5 jackals
  2 quokkas
  7 ball pythons
  4 bats
  2 frilled lizards
  10 kobolds
  14 rats
152 creatures vanquished.

Vanquished Creatures (collateral kills)
  2 hornets
  Prince Ribbit (D:8)
  5 yaks
  An ice beast (D:8)
  4 orc warriors
  A sky beast (D:7)
  2 phantoms (D:5)
  3 kobold brigands
  2 bullfrogs
  4 wights (D:7)
  4 killer bees (D:9)
  A bombardier beetle (D:5)
  A jelly (D:5)
  3 iguanas
  2 orc wizards (D:6)
  A gnoll (D:9)
  3 adders
  A white imp (D:6)
  An ufetubus (D:4)
  A ribbon worm (Sewer)
  A dart slug (D:1)
  13 orcs
  2 ball pythons (D:4)
  A bat (D:3)
  2 endoplasms
  3 goblins
  5 kobolds
  2 quokkas
  A frilled lizard (D:4)
73 creatures vanquished.

Vanquished Creatures (others)
  A hornet zombie (D:9)
  A human (D:8)
  A wyvern zombie (D:8)
  6 yak zombies
  A basilisk zombie (D:8)
  A black bear zombie (D:8)
  4 knights
  An adder zombie (D:6)
  2 iguana zombies
  A bombardier beetle zombie (D:5)
  2 gnoll zombies
  14 orc zombies
35 creatures vanquished.

Grand Total: 260 creatures vanquished

Notes
Turn   | Place    | Note
-------+----------+-------------------------------------------
     0 | D:1      | melchizedek the Mummy Necromancer began the quest for the
                  | Orb.
     0 | D:1      | Reached XP level 1. HP: 13/13 MP: 4/4
    43 | D:1      | Reached skill level 3 in Spellcasting
   219 | D:1      | Reached XP level 2. HP: 17/19 MP: 0/6
   306 | D:1      | Noticed a glass eye
   309 | D:1      | Found a faded altar of an unknown god.
   311 | D:1      | Noticed a shining eye
   311 | D:1      | Noticed a glass eye
   311 | D:1      | Noticed a shining eye
   424 | D:1      | Prayed at the altar of an unknown god.
   424 | D:1      | Became a worshipper of Hepliaklqana the Forgotten
   424 | D:1      | Reached * piety under Hepliaklqana
   804 | D:1      | Reached XP level 3. HP: 21/21 MP: 5/7
  1273 | D:2      | Reached ** piety under Hepliaklqana
  1274 | D:2      | Remembered your ancestor Aahotepre as a knight
  1745 | D:2      | Reached XP level 4. HP: 27/27 MP: 6/9
  1901 | D:2      | Reached skill level 4 in Spellcasting
  2186 | D:3      | Found Zaduoris's Armour Boutique.
  2201 | D:3      | Found Letugris's Magic Scroll Boutique.
  2288 | D:3      | Reached *** piety under Hepliaklqana
  2317 | D:3      | Reached skill level 5 in Necromancy
  2466 | D:3      | Found Tikim's Book Boutique.
  2646 | D:3      | Found Aput's Antique Armour Shop.
  3011 | D:3      | Found Luvada's Antique Weapon Shoppe.
  3295 | D:4      | Reached XP level 5. HP: 31/31 MP: 9/11
  3342 | D:4      | Found a glowing drain.
  3467 | Sewer    | Entered a sewer
  3536 | Sewer    | Reached **** piety under Hepliaklqana
  3582 | Sewer    | Reached skill level 5 in Spellcasting
  3838 | Sewer    | Learned a level 3 spell: Vampiric Draining
  3843 | Sewer    | Learned a level 4 spell: Animate Dead
  3861 | Sewer    | Reached XP level 6. HP: 36/36 MP: 3/14
  4206 | D:4      | Reached skill level 6 in Spellcasting
  4828 | D:5      | Entered Level 5 of the Dungeon
  5069 | D:5      | Reached XP level 7. HP: 41/42 MP: 6/16
  5425 | D:5      | Reached ***** piety under Hepliaklqana
  5490 | D:5      | Found an iron altar of Okawaru.
  5527 | D:5      | Reached skill level 7 in Spellcasting
  5942 | D:3      | Bought a blackened trident for 187 gold pieces
  5942 | D:3      | Identified the +9 trident "Fiucs" {venom, *Noise rPois rF++
                  | rC+++} (You bought it in a shop on level 3 of the Dungeon)
  6037 | D:6      | Reached skill level 1 in Fighting
  6122 | D:6      | Reached skill level 1 in Invocations
  6122 | D:6      | Reached XP level 8. HP: 22/48 MP: 13/19
  6144 | D:6      | Reached skill level 8 in Spellcasting
  6813 | D:7      | Found a staircase to the Ecumenical Temple.
  6959 | D:7      | Reached skill level 9 in Spellcasting
  6963 | D:7      | Reached skill level 1 in Polearms
  7055 | D:7      | Learned a level 2 spell: Cigotuvi's Dreadful Rot
  7060 | D:7      | Learned a level 4 spell: Dispel Undead
  7066 | D:7      | Learned a level 5 spell: Curse of Agony
  7071 | D:7      | Learned a level 4 spell: Martyr's Knell
  7196 | D:7      | Identified the +6 great mace "Ovecuek" {elec, rC+ Str+5}
  7204 | D:7      | Found a hazy altar of Hepliaklqana.
  7247 | D:7      | Reached XP level 9. HP: 43/53 MP: 15/22
  7744 | D:8      | Reached skill level 10 in Spellcasting
  7752 | D:8      | Noticed Amaemon
  7758 | D:8      | Noticed an orange demon
  7848 | D:8      | Noticed a +0 dagger
  7848 | D:8      | Noticed a +0 dagger
  7848 | D:8      | Noticed a +0 falchion
  7849 | D:8      | Noticed a +0 short sword
  7849 | D:8      | Noticed a +0 short sword
  7849 | D:8      | Noticed a +0 spear
  7850 | D:8      | Noticed a +0 falchion
  7850 | D:8      | Noticed a +0 spear
  7864 | D:8      | Found a hide-covered altar of Uskayaw.
  7961 | D:8      | Found an ancient bone altar of Kikubaaqudgha.
  7970 | D:8      | Noticed Maurice
  7984 | D:8      | Killed Maurice
  8072 | D:8      | Noticed Gastronok
  8083 | D:8      | Reached XP level 10. HP: 59/59 MP: 24/24
  8096 | D:8      | Reached skill level 11 in Spellcasting
  8271 | D:8      | Learned a level 2 spell: Mercury Vapours
  8289 | D:8      | Killed Gastronok
  8406 | D:8      | Found a staircase to the Lair.
  8545 | D:9      | Noticed Prince Ribbit
  8561 | D:8      | Killed Prince Ribbit
  8592 | D:9      | Reached skill level 5 in Polearms
  8663 | D:9      | Found a flagged portal.
  8674 | Bailey   | Entered a bailey
  8836 | Bailey   | Noticed an orc knight
  8995 | Bailey   | HP: 2/63 [orc knight/+0 glaive (18)]
  9001 | Bailey   | Slain by an orc knight

Illustrated notes

Levels and vault maps discovered:
D:1:      wander_arrival_chamber, layout_basic,
          hellmonk_ecumenical_altar_watching_god, serial_park_tiny_1,
          nrook_loot_triangle
D:2:      layout_basic
D:3:      layout_loops_corners, serial_shops, nicolae_shop_real_fake_doors,
          nicolae_shop_stone, shop, shop_coins,
          nicolae_shop_pleasant_corner_grove, reono_crystal_passage
D:4:      layout_loops_ring, mainiacjoe_sewer_entry_somewhere_in_here_2,
          minmay_misc_feat_pillars, chequers_serial_rivers_micro_d
D:5:      layout_loops_corners, okawaru_metal_pillars_3
D:6:      layout_basic, chequers_serial_rivers_micro_c
D:7:      layout_rooms, mainiacjoe_overflow_24_doors, minmay_temple_entry_glass
D:8:      layout_rooms, tgw_kikubaaqudgha, nicolae_uskayaw_en_pointe,
          minmay_lair_entry_grove, columned_hall_lemuel, uniq_gastronok,
          uniq_amaemon, uniq_maurice
D:9:      layout_small_grid, fedhas_altar_2, enter_bailey_5, uniq_prince_ribbit1
Bailey:   bailey_polearm_1, bailey

Skill      XL: |  1  2  3  4  5  6  7  8  9 10 |
---------------+-------------------------------+-----
Spellcasting   | 3 4 5 6 7 9 10 11 | 11.7
Stealth        | 2 3 |  3.3
Necromancy     | 5 6 7 8 9 |  9.9
Fighting       | 1 3 |  3.1
Invocations    | 1 2 3 4 |  4.9
Dodging        | 2 3 |  3.1
Polearms       | 1 3 5 |  5.6
Unarmed Combat | |  0.1
Air Magic      | |  0.8

Action                     |  1- 3 |  4- 6 |  7- 9 | 10-12 || total
---------------------------+-------+-------+-------+-------++-------
  Melee: Unarmed           |     6 |       |       |       ||     6
         Dagger            |     3 |     8 |     6 |       ||    17
         Trident           |       |       |    76 |    57 ||   133
         Punch             |       |       |     2 |       ||     2
   Cast: Necrotise         |    51 |   103 |   105 |    68 ||   327
         Animate Dead      |       |     3 |     7 |     5 ||    15
         Cigotuvi's Dreadf |       |       |     1 |       ||     1
         Mercury Vapours   |       |       |       |     3 ||     3
         Martyr's Knell    |       |       |       |     2 ||     2
 Invoke: Ancestor Identity |     1 |       |       |       ||     1
         Ancestor Life: Kn |     1 |       |       |       ||     1
         Recall Ancestor   |       |     1 |     1 |       ||     2
         Transference      |       |       |     2 |     1 ||     3
         Idealise          |       |       |     3 |       ||     3
  Evoke: Wand              |       |       |     1 |     1 ||     2
    Use: Scroll            |       |     2 |     7 |     2 ||    11
   Stab: Sleeping          |       |     1 |     1 |       ||     2
         Distracted        |       |       |     1 |     1 ||     2
 Armour: Robe              |     7 |    20 |    53 |    30 ||   110
  Dodge: Dodged            |     6 |    26 |    28 |    45 ||   105
